 Dungeon Crawl Stone Soup version 0.32-a0-30-gefbe487952 (webtiles) character file.

Game seed: 15471354734312810975

933 kae the Insei (level 7, -7/52 HPs)
             Began as a Demonspawn Shapeshifter on Jan 19, 2024.
             Was a Believer of Uskayaw.
             Mangled by an ice beast (14 damage)
             ... on level 6 of the Dungeon.
             The game lasted 00:04:24 (3857 turns).

kae the Insei (Demonspawn Shapeshifter)             Turns: 3857, Time: 00:04:25

Health: -7/52      AC:  2    Str: 14    XL:     7   Next: 86%
Magic:  7/7        EV: 12    Int: 10    God:    Uskayaw [**....]
Gold:   369        SH:  0    Dex: 21    Spells: 6/6 levels left

rFire   + .          .
                       - Unarmed
rCold   . . .        (no shield)
rNeg    . . .        a - +0 animal skin
rPois   .            (helmet currently unavailable)
rElec   .            (cloak currently unavailable)
rCorr   .            (gloves currently unavailable)
SInv    .            (boots currently unavailable)
Will    .....        (no amulet)
Stlth   ++           D - +6 ring of dexterity
HPRegen 0.28/turn    F - ring of protection from fire
MPRegen 0.10/turn

%: no passive effects
@: beast-form
A: beast (slay +2), hooves 2, horns 1, weakness stinger 2
a: Begin Untransformation, Renounce Religion, Stomp, Line Pass


You were on level 6 of the Dungeon.
You worshipped Uskayaw.
Uskayaw was noncommittal.
You were a hulking beast.
You visited 1 branch of the dungeon, and saw 6 of its levels.

You collected 369 gold pieces.


Innate Abilities, Weirdness & Mutations

You are a hulking beast.
Your limbs bulge with bestial killing power. (Slay +2)
You have hoof-like feet.
You have a pair of small horns on your head.
You have a tail ending in a sharp stinger.


   Skills:
 + Level 3.6 Fighting
 - Level 1.7 Dodging
 * Level 5.5 Unarmed Combat
 + Level 3.0 Evocations
 * Level 5.2 Shapeshifting


You had 6 spell levels left.
You didn't know any spells.
Your spell library contained the following spells:

 Spells                   Type           Power      Damage    Failure   Level
 Sandblast                Erth           0%         2d4       36%         1
 Blink                    Tloc           0%         N/A       50%         2
 Lesser Beckoning         Tloc           0%         N/A       50%         2
 Momentum Strike          Conj/Tloc      0%         3d8       50%         2
 Ozocubu's Armour         Ice            0%         N/A       75%         3
 Passwall                 Erth           0%         N/A       75%         3
 Stone Arrow              Conj/Erth      0%         3d7       75%         3
 Brom's Barrelling Bould  Conj/Erth      0%         2d3       98%         4
 Metabolic Englaciation   Hex/Ice        0%         N/A       100%        5
 Sculpt Simulacrum        Ice/Alch       0%         N/A       100%        6

Inventory:

Missiles
 h - 4 boomerangs
 j - 60 stones (quivered)
 l - 10 poisoned darts
Armour
 a - a +0 animal skin (worn)
 i - a +1 pair of gloves
   (You found it on level 1 of the Dungeon)
Magical Staves
 p - a staff of cold {!a}
   (You found it on level 3 of the Dungeon)
Jewellery
 C - a ring of protection from cold
   (You found it on level 1 of the Dungeon)
 D - a +6 ring of dexterity (left hand)
   (You found it on level 3 of the Dungeon)
 F - a ring of protection from fire (right hand)
   (You found it on level 1 of the Dungeon)
 N - a ring of positive energy
   (You found it on level 4 of the Dungeon)
Talismans
 c - a beast talisman
 d - a flux talisman
Wands
 m - a wand of flame (20)
   (You found it on level 4 of the Dungeon)
Scrolls
 e - a scroll of summoning
 g - 3 scrolls of teleportation {@r4}
Potions
 b - 2 potions of lignification {!q}
 f - a potion of degeneration {!q}
 k - 2 potions of attraction {!q}
 n - a potion of mutation {!q}
 o - a potion of enlightenment {unknown}

Dungeon Overview and Level Annotations

Branches:
Dungeon (6/15) Zot: 26971  Temple (0/1) D:4

Altars:
Hepliaklqana
Nemelex Xobeh
Qazlal
Trog
Uskayaw

#..#.# ##....# .
.##._..# ..
.##.##....# ...
##... #..#.# ....
##.....####.#
.....#...#.<....##
........######.##
......Yh..†....#
......##########
####. #


You could see an ice beast.


Message History

You see here a +0 hand axe.
You open the door.
There is an open door here.
There is an open door here.
You open the door.
Key pressed, stopping explore.
You open the door.
There is an open door here.
You open the door.
There is an open door here.
Found a stone staircase leading down.
There is a stone staircase leading down here.
You see here a +0 whip.
You open the door.
There is an open door here.
q - a scroll labelled FIMODIGIEKK You now have 369 gold pieces (gained 13).
Found a stone staircase leading down.
Found a stone staircase leading up.
There is a stone staircase leading down here.
r - a scroll labelled YTUSAE COERIANLU
j - 60 stones (gained 5)
There is a stone staircase leading down here.
g - 3 scrolls of teleportation {@r4} (gained 1)
You open the door.
There is an open door here.
Key pressed, stopping explore.
You open the door.
There is an open door here.
Done exploring.
Done exploring.
Done exploring.
Done exploring.
Done exploring.
There is a stone staircase leading down here.
You climb downwards.
There is a stone staircase leading up here.
As you read the scroll labelled FIMODIGIEKK, it crumbles to dust.
The air around you briefly surges with heat, but it dissipates.
It was a scroll of immolation.
Unknown command.
As you read the scroll labelled YTUSAE COERIANLU, it crumbles to dust.
It is a scroll of enchant armour.
Your +0 pair of gloves glows green for a moment.
Okay, then.
Okay, then.
Okay, then.
Found a white marble altar of Elyvilon.
Found a stone staircase leading up.
A hound comes into view.
The hound barks!
A hound is nearby!
A hound is nearby!
A hound is nearby!
The hound misses you.
You hit the hound. You tail-slap the hound.
The hound bites you but does no damage.
You miss the hound. You kick the hound. You headbutt the hound.
You tail-slap the hound, but do no damage.
The hound misses you.
You can now pass through a line of other dancers.
You punch the hound!
You kill the hound!
Your Evocations skill increases to level 3!
No target in view!
An ice beast comes into view.
You see here a hound corpse.
An ice beast is nearby!
You hit the ice beast. You kick the ice beast. You headbutt the ice beast.
You tail-slap the ice beast. The ice beast hits you. The ice beast freezes you.
An ice beast is nearby! 😕 HP[-7]
You take 7 damage, and now have 45/52 hp.
You hit the ice beast. Your kick misses the ice beast. The ice beast hits you.
The ice beast freezes you!
You are too injured to fight recklessly! 😮 HP[-12]
You take 12 damage, and now have 33/52 hp.
MASSIVE DAMAGE!! (PAUSE)
You are too injured to fight recklessly!
You are too injured to fight recklessly!
You closely miss the ice beast. The ice beast barely misses you.
You hit the ice beast but do no damage.
You headbutt the ice beast, but do no damage.
The ice beast hits you. The ice beast freezes you!
* * * LOW HITPOINT WARNING * * *
😨 HP[-9]
You take 9 damage, and now have 24/52 hp.
Unknown command.
You barely miss the ice beast. The ice beast hits you.
* * * LOW HITPOINT WARNING * * *
The ice beast freezes you!
* * * LOW HITPOINT WARNING * * *
😱 HP[-13]
You take 13 damage, and now have 11/52 hp.
MASSIVE DAMAGE!! (PAUSE)
You hit the ice beast. The ice beast hits you.
* * * LOW HITPOINT WARNING * * *
The ice beast freezes you!
You die...

Skill      XL: |  1  2  3  4  5  6  7 |
---------------+----------------------+-----
Unarmed Combat | 3 4 5 |  5.5
Shapeshifting  | 3 4 5 |  5.2
Fighting       | 2 3 |  3.6
Evocations     | 1 2 3 |  3.0
Dodging        | |  1.7

Action                     |  1- 3 |  4- 6 |  7- 9 || total
---------------------------+-------+-------+-------++-------
  Melee: Unarmed           |   108 |    69 |    43 ||   220
         Headbutt          |    12 |    10 |     6 ||    28
         Kick              |    11 |    28 |    17 ||    56
         Punch             |     2 |     1 |       ||     3
         Tailslap          |       |     8 |     5 ||    13
 Invoke: Stomp             |       |     1 |       ||     1
    Use: Scroll            |     6 |     5 |     2 ||    13
         Potion            |       |     1 |       ||     1
   Stab: Sleeping          |     1 |     6 |     1 ||     8
         Paralysed         |       |     3 |     2 ||     5
 Armour: Animal skin       |    45 |    27 |    26 ||    98
  Dodge: Dodged            |    70 |    36 |    21 ||   127

Levels and vault maps discovered:
D:1:      minmay_arrival_semitransparent, layout_loops_ring,
          nicolae_ecumenical_snake_handling, grunt_decor_mini_mirrors,
          roderic_serpentine_path
D:2:      layout_basic, basic_altar
D:3:      layout_loops_cross, old_standard_altar,
          nicolae_qazlal_style_of_elements, dancing_weapons_uskayaw,
          nemelex_diamond_rough_becter
D:4:      layout_gridville, bloody_trog, minmay_temple_entry_mist,
          uniq_blork_the_orc
D:5:      layout_basic, tso_oasis_becter
D:6:      layout_loops_ring, mainiacjoe_overflow_alcove_1, minmay_shop_damaged

Notes
Turn   | Place    | Note
-------+----------+-------------------------------------------
     0 | D:1      | kae the Demonspawn Shapeshifter began the quest for the
                  | Orb.
     0 | D:1      | Reached XP level 1. HP: 15/15 MP: 1/1
     0 | D:1      | magus.rc [v1.11.3]
    22 | D:1      | Found a faded altar of an unknown god.
   353 | D:1      | You feel monstrous as your demonic heritage exerts itself.
   353 | D:1      | Discovered your monstrous ancestry.
   353 | D:1      | Gained mutation: You have a pair of small horns on your
                  | head. [demonic ancestry]
   353 | D:1      | Reached XP level 2. HP: 21/21 MP: 2/2
   371 | D:1      | Reached skill level 3 in Unarmed Combat
   445 | D:1      | Reached skill level 3 in Shapeshifting
   666 | D:1      | You pick up a book of Winter and begin reading...
   666 | D:1      | You add the spells Ozocubu's Armour, Metabolic Englaciation
                  | and Sculpt Simulacrum to your library.
   908 | D:2      | Gained mutation: You have large cloven feet. [demonic
                  | ancestry]
   908 | D:2      | Reached XP level 3. HP: 21/26 MP: 3/3
  1192 | D:2      | Found a hide-covered altar of Uskayaw.
  1228 | D:2      | You fall into a shaft and drop 1 floor!
  1301 | D:2      | Became a worshipper of Uskayaw the Reveller
  1508 | D:2      | You pick up a book of Spatial Translocations and begin
                  | reading...
  1508 | D:2      | You add the spells Blink, Momentum Strike and Lesser
                  | Beckoning to your library.
  1741 | D:3      | Reached * piety under Uskayaw
  1785 | D:3      | Gained mutation: You have a small tail. [demonic ancestry]
  1785 | D:3      | Reached XP level 4. HP: 33/33 MP: 4/4
  1789 | D:3      | Reached ** piety under Uskayaw
  1870 | D:3      | Found a hide-covered altar of Uskayaw.
  1873 | D:3      | Noticed a +0 dagger
  1873 | D:3      | Noticed a +0 hand axe
  1926 | D:3      | Found a hazy altar of Hepliaklqana.
  1974 | D:3      | Noticed an earth elemental
  1977 | D:3      | Found a stormy altar of Qazlal.
  1989 | D:3      | Found a sparkling altar of Nemelex Xobeh.
  2118 | D:3      | Noticed a water elemental
  2118 | D:3      | Noticed a fire elemental
  2118 | D:3      | Noticed an air elemental
  2346 | D:4      | Noticed Blork the orc
  2355 | D:4      | Reached *** piety under Uskayaw
  2358 | D:4      | Killed Blork the orc
  2359 | D:4      | Reached skill level 2 in Fighting
  2359 | D:4      | Reached skill level 1 in Evocations
  2359 | D:4      | Gained mutation: You have a tail ending in a sharp stinger.
                  | [demonic ancestry]
  2359 | D:4      | Reached XP level 5. HP: 38/38 MP: 5/5
  2404 | D:4      | Found a staircase to the Ecumenical Temple.
  2503 | D:4      | Reached skill level 4 in Unarmed Combat
  2638 | D:4      | Reached skill level 4 in Shapeshifting
  2688 | D:4      | Gained mutation: You have hoof-like feet. [demonic
                  | ancestry]
  2688 | D:4      | Reached XP level 6. HP: 37/46 MP: 2/6
  2771 | D:4      | Found a bloodstained altar of Trog.
  3090 | D:4      | Reached skill level 2 in Evocations
  3152 | D:5      | Entered Level 5 of the Dungeon
  3175 | D:5      | Reached skill level 3 in Fighting
  3175 | D:5      | Reached XP level 7. HP: 44/52 MP: 7/7
  3176 | D:5      | Reached **** piety under Uskayaw
  3181 | D:5      | Reached ***** piety under Uskayaw
  3182 | D:5      | Reached skill level 5 in Unarmed Combat
  3374 | D:5      | Reached skill level 5 in Shapeshifting
  3449 | D:5      | You pick up a book of Geomancy and begin reading...
  3449 | D:5      | You add the spells Sandblast, Passwall, Stone Arrow and
                  | Brom's Barrelling Boulder to your library.
  3848 | D:6      | Reached skill level 3 in Evocations
  3856 | D:6      | HP: 11/52 [ice beast (11)]
  3857 | D:6      | Mangled by an ice beast

Vanquished Creatures
  A black bear (D:5)
  A centaur (D:5)
  2 phantoms
  Blork the orc (D:4)
  A kobold brigand (D:5)
  A scorpion (D:5)
  2 hounds
  A jelly (D:4)
  A bombardier beetle (D:4)
  2 orc priests (D:4)
  An iguana (D:5)
  An orc wizard (D:5)
  3 gnolls (D:4)
  7 adders
  4 dart slugs
  6 orcs
  10 ball pythons
  5 endoplasms
  3 giant cockroaches
  8 goblins
  6 hobgoblins
  5 jackals
  2 quokkas
  4 bats
  A frilled lizard (D:1)
  11 kobolds
  3 rats
93 creatures vanquished.

Table legend:
 A = Non-vault XP
 B = Vault XP
 C = Vault XP percentage of total XP
 D = Non-vault monster count
 E = Vault monster count
 F = Vault count percentage of total count
                 A         B        C        D         E       F
            +---------+---------+-------+---------+---------+-------
      Total |    1235 |      99 |   7.4 |      92 |       1 |   1.1
            +---------+---------+-------+---------+---------+-------
        D:1 |      36 |       0 |   0.0 |      21 |       0 |   0.0
        D:2 |      47 |       0 |   0.0 |      15 |       0 |   0.0
        D:3 |      33 |       0 |   0.0 |      16 |       0 |   0.0
        D:4 |     373 |      99 |  21.0 |      23 |       1 |   4.2
        D:5 |     701 |       0 |   0.0 |      16 |       0 |   0.0
        D:6 |      45 |       0 |   0.0 |       1 |       0 |   0.0
            +---------+---------+-------+---------+---------+-------

Skill      XL: |  1  2  3  4  5  6  7 |
---------------+----------------------+-----
Unarmed Combat | 3 4 5 |  5.5
Shapeshifting  | 3 4 5 |  5.2
Fighting       | 2 3 |  3.6
Evocations     | 1 2 3 |  3.0
Dodging        | |  1.7

Action                     |  1- 3 |  4- 6 |  7- 9 || total
---------------------------+-------+-------+-------++-------
  Melee: Unarmed           |   108 |    69 |    43 ||   220
         Headbutt          |    12 |    10 |     6 ||    28
         Kick              |    11 |    28 |    17 ||    56
         Punch             |     2 |     1 |       ||     3
         Tailslap          |       |     8 |     5 ||    13
 Invoke: Stomp             |       |     1 |       ||     1
    Use: Scroll            |     6 |     5 |     2 ||    13
         Potion            |       |     1 |       ||     1
   Stab: Sleeping          |     1 |     6 |     1 ||     8
         Paralysed         |       |     3 |     2 ||     5
 Armour: Animal skin       |    45 |    27 |    26 ||    98
  Dodge: Dodged            |    70 |    36 |    21 ||   127

Illustrated notes

Table legend:
 A = Kills in this place as a percentage of kills in the entire game.
 B = Kills by you in this place as a percentage of kills by you in the entire game.
 C = Kills by friends in this place as a percentage of kills by friends in the entire game.
 D = Other kills in this place as a percentage of other kills in the entire game.
 E = Experience gained in this place as a percentage of experience gained in the entire game.
 F = Experience gained in this place divided by the number of levels of this place that you have seen.
                   A       B       C       D       E      F
               +-------+-------+-------+-------+-------+----------------------
         Total | 100.0 | 100.0 |   N/A |   N/A | 100.0 | 222.3
       Dungeon | 100.0 | 100.0 |   N/A |   N/A | 100.0 | 222.3
               +-------+-------+-------+-------+-------+----------------------

Table legend: (Time is in decaauts)
 A = Elapsed time spent in this place.
 B = Non-inter-level travel time spent in this place.
 C = Inter-level travel time spent in this place.
 D = Time resting spent in this place.
 E = Time spent auto-exploring this place.
 F = Levels seen in this place.
 G = Mean time per level.
                   A        B        C        D        E       F      G
               +--------+--------+--------+--------+--------+-----+--------+
         Total |   3855 |   3699 |    156 |    115 |   3034 |   6 |  642.5 |
       Dungeon |   3855 |   3699 |    156 |    115 |   3034 |   6 |  642.5 |
               +--------+--------+--------+--------+--------+-----+--------+

Top non-repeatable levels by time:
     D:2: 869 daAuts
     D:4: 827 daAuts
     D:1: 825 daAuts
     D:5: 671 daAuts
     D:3: 632 daAuts
     D:6: 27 daAuts
